 Dungeon Crawl Stone Soup version 0.26.1-11-gd32895ea62 (webtiles) character file.

Game seed: 4275293345303226604

497 H0rd4k the Charlatan (level 7, -5/51 HPs)
             Began as a Human Artificer on Apr 15, 2021.
             Slain by an orc priest
             ... wielding a +0 flail
              (11 damage)
             ... on level 4 of the Dungeon.
             The game lasted 00:05:49 (3644 turns).

H0rd4k the Charlatan (Human Artificer)              Turns: 3644, Time: 00:05:50

Health: -5/51      AC:  6    Str: 14    XL:     7   Next: 39%
Magic:  7/7        EV: 13    Int: 12    God:
Gold:   272        SH:  0    Dex: 13    Spells: 6/6 levels left

rFire    . . .     SeeInvis .   j - +0 dagger
rCold    . . .     Faith    .   (no shield)
rNeg     . . .     Spirit   .   b - +0 leather armour
rPois    .         Reflect  .   (no helmet)
rElec    .         Harm     .   (no cloak)
rCorr    .         Rampage  .   l - +2 pair of gloves
Will     .....                  (no boots)
Stlth    ++........             h - amulet of regeneration
HPRegen  0.57/turn              (no ring)
MPRegen  0.10/turn              (no ring)

@: no status effects
A: no striking features
a: no special abilities


You were on level 4 of the Dungeon.
You visited 1 branch of the dungeon, and saw 4 of its levels.

You collected 272 gold pieces.

Inventory:

Hand Weapons
 j - a +0 dagger (weapon)
Armour
 b - a +0 leather armour (worn)
 l - a +2 pair of gloves (worn)
Jewellery
 h - an amulet of regeneration (around neck)
Wands
 d - a wand of enslavement (2)
 e - a wand of random effects (2)
Scrolls
 g - 2 scrolls of enchant armour {unknown}
 i - 2 scrolls of remove curse {unknown}
 k - a scroll of enchant weapon {unknown}
 m - 5 scrolls of teleportation {unknown}
 o - 2 scrolls of identify {unknown}
 q - a scroll of blinking {unknown}
 w - a scroll of fear {unknown}
 x - a scroll of amnesia {unknown}
Potions
 a - 2 potions of degeneration {unknown}
 c - 2 potions of brilliance {unknown}
 f - 2 potions of curing
 n - 2 potions of lignification {unknown}
 p - a potion of attraction {unknown}
 r - 3 potions of heal wounds {unknown}
 s - a potion of resistance {unknown}
 t - a potion of might {unknown}
 u - a potion of ambrosia {unknown}
 v - a potion of haste {unknown}


   Skills:
 + Level 2.4 Fighting
 + Level 2.7 Short Blades
 + Level 3.4 Armour
 + Level 3.0 Dodging
 + Level 2.5 Stealth
 + Level 4.8 Evocations


You had 6 spell levels left.
You didn't know any spells.
Your spell library was empty.

Dungeon Overview and Level Annotations

Branches:
Dungeon (4/15)
 Temple: D:4-7

Altars:
Nemelex Xobeh
Okawaru
Qazlal
Sif Muna

Shops:
D:4 :


Message History

You hit the orc priest but do no damage.
The orc priest is heavily wounded.
The orc priest calls down the wrath of Beogh upon you.
Pain shoots through your body!
You hit the orc priest.
The orc priest is severely wounded.
The orc priest invokes the aid of Beogh against you.
Beogh smites you!
You barely miss the orc priest.
The orc priest is severely wounded.
The orc priest completely misses you.
You barely miss the orc priest.
The orc priest is severely wounded.
The orc priest calls down the wrath of Beogh upon you.
Beogh smites you!
* * * LOW HITPOINT WARNING * * *
You hit the orc priest but do no damage.
The orc priest is severely wounded.
The orc priest hits you with a +0 flail!
You die...

## #.. #.. #. #.#
##.. #^.#######....
#.............
#.o.........
#@........ ##..#....
#..## ... ###.##
.... #..##
#........# # ##.##
##........##.
#..####............
##................#
##......##........##


You could see an orc priest.

Vanquished Creatures
  Sigmund (D:2)
  A scorpion (D:2)
  2 orc wizards
  2 worker ants (D:4)
  A gnoll (D:2)
  9 adders
  An ooze (D:3)
  2 worms
  A leopard gecko (D:2)
  4 orcs
  3 giant cockroaches
  9 goblins
  6 hobgoblins
  8 jackals
  5 kobolds
  5 bats
  2 frilled lizards
  A jackal skeleton (D:4)
  5 rats
68 creatures vanquished.

Vanquished Creatures (collateral kills)
  An iguana (D:4)
  3 gnolls (D:2)
  3 orcs (D:4)
  A goblin (D:2)
  A hobgoblin (D:2)
  2 bats (D:2)
  A kobold (D:2)
12 creatures vanquished.

Vanquished Creatures (others)
  2 gnolls (D:2)
2 creatures vanquished.

Grand Total: 82 creatures vanquished

Notes
Turn   | Place    | Note
-------+----------+-------------------------------------------
     0 | D:1      | H0rd4k the Human Artificer began the quest for the Orb.
     0 | D:1      | Reached XP level 1. HP: 15/15 MP: 1/1
   176 | D:1      | Reached XP level 2. HP: 21/21 MP: 2/2
   746 | D:2      | Noticed Sigmund
   754 | D:2      | Reached XP level 3. HP: 21/26 MP: 3/3
   843 | D:2      | Killed Sigmund
   844 | D:2      | Reached skill level 1 in Short Blades
   844 | D:2      | Reached skill level 4 in Evocations
   844 | D:2      | Reached XP level 4. HP: 15/33 MP: 4/4
   844 | D:2      | Reached XP level 5. HP: 17/38 MP: 5/5
   844 | D:2      | Reached XP level 6. HP: 20/44 MP: 6/6
  1317 | D:2      | Found a sparkling altar of Nemelex Xobeh.
  2165 | D:3      | Found an iron altar of Okawaru.
  2575 | D:3      | Reached XP level 7. HP: 50/50 MP: 7/7
  2580 | D:3      | Found a shimmering blue altar of Sif Muna.
  2690 | D:4      | Found a stormy altar of Qazlal.
  3619 | D:4      | Found Zuwot's Book Shop.
  3644 | D:4      | Slain by an orc priest

Illustrated notes

Levels and vault maps discovered:
D:1:      dpeg_arrival_refuge, layout_loops_ring, columned_hall_lemuel
D:2:      layout_basic, nemelex_altar_shiori, kennysheep_cluttered_room,
          uniq_sigmund
D:3:      layout_basic, tgw_sif, okawaru_trees_1, minivault_25
D:4:      layout_layer_cave, lemuel_crystal_altar, serial_shops, shop,
          st_stairs_4, minivault_4, hangedman_abyss_or_decor_slice,
          minmay_fire_ice_demons

Skill      XL: |  1  2  3  4  5  6  7 |
---------------+----------------------+-----
Short Blades   | 1 2 |  2.7
Armour         | 3 |  3.4
Dodging        | 2 3 |  3.0
Stealth        | 2 |  2.5
Evocations     | 4 |  4.8
Fighting       | 2 |  2.4

Action                   |  1- 3 |  4- 6 |  7- 9 || total
-------------------------+-------+-------+-------++-------
Melee: Club              |    20 |       |       ||    20
       Dagger            |    59 |   250 |   200 ||   509
Evoke: Wand              |    10 |    23 |     8 ||    41
  Use: Potion            |       |       |     1 ||     1
 Stab: Sleeping          |     2 |     2 |       ||     4
       Distracted        |     1 |       |       ||     1
Armor: Leather armour    |    24 |    76 |    44 ||   144
Dodge: Dodged            |    47 |   154 |   106 ||   307
